 Dungeon Crawl Stone Soup version 0.28-b1-1-g3c77fb2ed1 (webtiles) character file.

Game seed: 13884210129383769899

38 Minsecho the Vexing (level 3, 0/33 HPs)
             Began as an Ogre Arcane Marksman on Jan 30, 2022.
             Succumbed to a goblin's poison
             ... on level 2 of the Dungeon.
             The game lasted 00:03:06 (1635 turns).

Minsecho the Vexing (Ogre Arcane Marksman)          Turns: 1635, Time: 00:03:06

Health: 0/33       AC:  3    Str: 14    XL:     3   Next: 43%
Magic:  3/4        EV: 10    Int: 14    God:
Gold:   63         SH:  0    Dex: 11    Spells: 3/4 levels left

rFire   . . .      SeeInvis .   d - +3 mace (vorpal)
rCold   . . .      Faith    .   (no shield)
rNeg    . . .      Spirit   .   a - +0 robe
rPois   .          Reflect  .   (helmet restricted)
rElec   .          Harm     .   (no cloak)
rCorr   .          Rampage  .   (gloves unavailable)
Will    .....                   (boots unavailable)
Stlth   +.........              (no amulet)
HPRegen 0.11/turn               (no ring)
MPRegen 0.09/turn               (no ring)

@: lethally poisoned (0 -> -19)
A: large, unfitting armour, tough skin 1
a: no special abilities


You were on level 2 of the Dungeon.
You visited 1 branch of the dungeon, and saw 2 of its levels.

You collected 63 gold pieces.

Inventory:

Hand Weapons
 d - a +3 vorpal mace (weapon)
Missiles
 b - 4 large rocks (quivered)
 c - 2 throwing nets
 j - 4 curare-tipped darts
Armour
 a - a +0 robe (worn)
Scrolls
 i - a scroll of fear {unknown}
 k - a scroll of noise {unknown}
 l - a scroll of enchant weapon
Potions
 f - a potion of experience {unknown}


   Skills:
 + Level 1.4 Fighting
 + Level 0.8 Maces & Flails
 + Level 2.2 Throwing
 + Level 2.2 Dodging
 + Level 1.2 Spellcasting
 + Level 3.3 Hexes


You had 3 spell levels left.
You knew the following spells:

 Your Spells              Type           Power      Damage    Failure   Level
a - Slow                  Hex            40%        N/A       7%          1

Your spell library contained the following spells:

 Spells                   Type           Power      Damage    Failure   Level
 Inner Flame              Hex/Fire       5%         N/A       36%         3
 Portal Projectile        Hex/Tloc       10%        N/A       36%         3
 Cause Fear               Hex            5%         N/A       54%         4


Dungeon Overview and Level Annotations

Branches:
Dungeon (2/15)

Altars:

Annotations:
D:2 Robin


Innate Abilities, Weirdness & Mutations

You are too large for most types of armour.
You have tough skin. (AC +1)


Message History

It is a scroll of identify.
h - a scroll of teleportation
* * * LOW HITPOINT WARNING * * *
You feel extremely sick.
The hobgoblin shouts!
The goblin hits you with a +2 dagger of venom.
* * * LOW HITPOINT WARNING * * *
You are more poisoned.
The goblin closely misses you.
You feel much better.
You feel extremely sick. The goblin completely misses you.
The goblin hits you with a +0 club.
As you read the scroll of teleportation, it crumbles to dust.
You feel strangely unstable.
You feel extremely sick.
The goblin hits you with a +2 dagger of venom.
You are more poisoned.
The goblin hits you with a +0 club.
* * * LOW HITPOINT WARNING * * *
You feel much better.
You feel extremely sick.
The goblin hits you with a +2 dagger of venom.
You are more poisoned.
The goblin hits you with a +0 club.
You feel much better.
Your surroundings suddenly seem different.
You feel extremely sick.
Casting: Slow (safe; 7% risk of failure)
Confirm with . or Enter, or press ? or * to list all spells.
Aiming: Slow (safe; 7% risk of failure)
Press: ? - help, Shift-Dir - straight line, f/p - goblin
Aim: a goblin, wielding a +2 dagger of venom (severely wounded, chance to affect: 66%)
The hobgoblin seems to slow down.
You feel extremely sick.
* * * LOW HITPOINT WARNING * * *
You feel very sick.
Okay, then.
* * * LOW HITPOINT WARNING * * *
You feel very sick.
You die...

....######.########.###
.ggg.gg(g?.............
..#g#g####.#########.##
#g# #.# #..# #g####.#
##+# #.#....# #.#....#
...###......#
........@...##
#...####.....# #+ ##
#.###.# #. ..# .. ##
### ## # ### #.. #.#
#..


You could see a hobgoblin (slow) and 3 goblins.

Vanquished Creatures
  2 worms (D:2)
  A dart slug (D:1)
  3 endoplasms (D:1)
  5 giant cockroaches
  A goblin (D:1)
  A hobgoblin (D:1)
  4 jackals (D:1)
  2 quokkas (D:1)
  2 bats (D:1)
  3 frilled lizards (D:1)
  A kobold (D:1)
  2 rats (D:2)
27 creatures vanquished.

Vanquished Creatures (others)
  13 toadstools (D:2)
13 creatures vanquished.

Grand Total: 40 creatures vanquished

Notes
Turn   | Place    | Note
-------+----------+-------------------------------------------
     0 | D:1      | Minsecho the Ogre Arcane Marksman began the quest for the
                  | Orb.
     0 | D:1      | Reached XP level 1. HP: 19/19 MP: 2/2
   265 | D:1      | Found a faded altar of an unknown god.
   275 | D:1      | Reached skill level 3 in Hexes
   276 | D:1      | Reached XP level 2. HP: 25/27 MP: 3/3
   877 | D:1      | Reached XP level 3. HP: 33/33 MP: 4/4
  1622 | D:2      | Noticed Robin
  1635 | D:2      | Succumbed to a goblin's poison

Illustrated notes

Levels and vault maps discovered:
D:1:      dpeg_arrival_lava_altar, layout_loops_cross,
          hellmonk_ecumenical_altar_dog_temple, palyth_stone_intersect
D:2:      cheibrodos_fertilizer, layout_basic, uniq_robin

Skill      XL: |  1  2 |
---------------+-------+-----
Hexes          | 3 |  3.3
Dodging        | 2 |  2.2
Fighting       | |  1.4
Maces & Flails | |  0.8
Throwing       | |  2.2
Spellcasting   | |  1.2

Action                   || total
-------------------------++-------
Melee: Mace              ||    79
       Punch             ||     2
 Cast: Slow              ||     1
  Use: Potion            ||     4
       Scroll            ||     3
 Stab: Sleeping          ||     1
Armor: Robe              ||    26
Dodge: Dodged            ||    40
